 Dungeon Crawl Stone Soup version 0.16.1-18-g436b03c (webtiles) character file.

162 Mortykins the Insei (level 4, -1/34 HPs)
             Began as a Demigod Transmuter on Apr 26, 2015.
             Succumbed to poison (a potion of poison)
             ... on level 3 of the Dungeon.
             The game lasted 00:07:22 (3655 turns).

Mortykins the Insei (Demigod Transmuter)            Turns: 3655, Time: 00:07:22

Health: -1/34      AC:  3    Str: 13    XL:     4   Next: 99%
Magic:  8/9        EV: 18    Int: 19    God:
Gold:   139        SH:  0    Dex: 21    Spells: 1 memorised, 5 levels left

rFire  . . .     SeeInvis .       - Unarmed
rCold  . . .     Clarity  .     c - +0 robe
rNeg   . . .     SustAb   +     (no shield)
rPois  .         Gourm    .     (no helmet)
rElec  .         Spirit   .     (no cloak)
rCorr  .         Warding  .     r - +0 pair of gloves
rMut   .         Stasis   .     (boots unavailable)
MR     .....                    (no amulet)
Stlth  +++.......               (no ring)
                                (no ring)

@: agile, lethally poisoned (-1 -> -21), appendage (expiring), not resistant to
hostile enchantments, fairly stealthy
A: talons 3, sustain abilities
a: End Transformation


You were on level 3 of the Dungeon.
You were not hungry.
You had grown temporary talons.
You visited 1 branch of the dungeon, and saw 3 of its levels.

You collected 139 gold pieces.

Inventory:

Missiles
 b - 12 arrows
 e - 27 stones (quivered)
Armour
 c - a +0 robe (worn)
 r - a +0 pair of gloves (worn)
Scrolls
 g - a scroll of teleportation {unknown}
 h - a scroll of recharging {unknown}
 i - a scroll of noise {unknown}
 j - a scroll of amnesia {unknown}
 n - 3 scrolls of identify {unknown}
 o - a scroll of random uselessness {unknown}
Potions
 f - a potion of haste
Books
 d - a book of Changes

   Spells                             Type                      Level
   a - Beastly Appendage              Transmutation                1
   b - Sticks to Snakes               Transmutation                2
   c - Spider Form                    Transmutation/Poison         3
   d - Ice Form                       Ice/Transmutation            4
   e - Blade Hands                    Transmutation                5
Comestibles
 a - 2 bread rations
 l - a meat ration
 m - 2 slices of pizza
 q - a fruit


   Skills:
 - Level 0.8 Fighting
 - Level 1.7 Dodging
 - Level 4.4 Unarmed Combat
 - Level 1.7 Spellcasting
 + Level 3.4 Transmutations


You had 5 spell levels left.
You knew the following spells:

 Your Spells              Type           Power        Failure   Level  Hunger
a - Beastly Appendage     Trmt           ##....       6%          1    #......


Dungeon Overview and Level Annotations

Branches:
Dungeon (3/15)


Innate Abilities, Weirdness & Mutations

Your attributes are resistant to harm.
You have claws for feet.


Message History

It was a potion of agility.
You feel agile all of a sudden.
* * * LOW HITPOINT WARNING * * *
You feel sick.
Unknown command.
There is a lethal amount of poison in your body!
There is a lethal amount of poison in your body!
* * * LOW HITPOINT WARNING * * *
You feel sick.
Eat which item? (? for menu, Esc to quit)
* * * LOW HITPOINT WARNING * * *
You feel sick.
That eggfruit was delicious!
Eat which item? (? for menu, Esc to quit)
Your transformation is almost over.
* * * LOW HITPOINT WARNING * * *
You feel sick.
Mmmm...
Yummy tomato.
Eat which item? (? for menu, Esc to quit)
You die...

### #########
#.. #...@...#
#.# #.#####.#
#.# # #.# #.#
#.# #.# #.# #.#
#.# #.# #.#
####..
#.########....>
#..............


There were no monsters in sight!

Vanquished Creatures
  9 adders
  2 giant geckos (D:2)
  7 orcs
  9 bats
  4 giant cockroaches
  8 goblins
  10 hobgoblins
  4 jackals (D:1)
  2 quokkas
  2 ball pythons
  2 giant newts
  3 kobolds
  9 rats
71 creatures vanquished.

Notes
Turn   | Place    | Note
--------------------------------------------------------------
     0 | D:1      | Mortykins, the Demigod Transmuter, began the quest for the Orb.
     0 | D:1      | Reached XP level 1. HP: 15/15 MP: 3/3
   154 | D:1      | Reached skill level 3 in Unarmed Combat
   377 | D:1      | Reached XP level 2. HP: 11/22 MP: 1/4
  1317 | D:2      | Reached skill level 4 in Unarmed Combat
  1317 | D:2      | Reached XP level 3. HP: 25/27 MP: 5/7
  1815 | D:2      | Found a deep blue altar of Sif Muna.
  2357 | D:3      | Reached XP level 4. HP: 10/34 MP: 7/9
  3442 | D:3      | Found an opulent altar of Gozag.
  3443 | D:3      | Found a glowing silver altar of Zin.
  3654 | D:3      | HP: 1/34 [poison (a potion of poison)]
  3655 | D:3      | Succumbed to poison (a potion of poison)

Action                   |  1- 3 |  4- 6 || total
-------------------------+-------+-------++-------
Melee: Unarmed           |   183 |   106 ||   289
Throw: Stone             |    30 |    16 ||    46
 Cast: Beastly Appendage |    18 |     9 ||    27
  Use: Potion            |     3 |     3 ||     6
 Stab: Sleeping          |     2 |       ||     2
  Eat: Chunk             |     5 |     5 ||    10
       Fruit             |       |     3 ||     3
